 Dungeon Crawl Stone Soup version 0.31-a0-801-gc67433417a (webtiles) character file.

Game seed: 17100151193396608406

102 Ivernyr the Slasher (level 4, -2/23 HPs)
             Began as a Vine Stalker Gladiator on Sept 20, 2023.
             Succumbed to Terence's poison
             ... on level 3 of the Dungeon.
             The game lasted 00:02:21 (1391 turns).

Ivernyr the Slasher (Vine Stalker Gladiator)        Turns: 1391, Time: 00:02:22

Health: -2/23      AC:  5    Str: 17    XL:     4   Next: 77%
Magic:  3/5        EV: 12    Int:  8    God:
Gold:   150        SH:  0    Dex: 17    Spells: 3/3 levels left

rFire   . . .        a - +0 long sword
rCold   . . .        (no shield)
rNeg    . . .        b - +0 leather armour
rPois   .            c - +0 helmet
rElec   .            (no cloak)
rCorr   .            (no gloves)
SInv    .            h - +0 pair of boots
Will    .....        (no amulet)
Stlth   +            (no ring)
HPRegen 1.03/turn    (no ring)
MPRegen 0.09/turn

%: guardian spirit
@: lethally poisoned (-2 -> -7)
A: fangs 2, regeneration 1, magic shield, antimagic bite, no potion heal 2
a: no special abilities


You were on level 3 of the Dungeon.
You visited 1 branch of the dungeon, and saw 3 of its levels.

You collected 150 gold pieces.

Inventory:

Hand Weapons
 a - a +0 long sword (weapon)
Missiles
 d - 3 throwing nets (quivered)
 e - a javelin
Armour
 b - a +0 leather armour (worn)
 c - a +0 helmet (worn)
 h - a +0 pair of boots (worn)
Scrolls
 f - 3 scrolls of poison {unknown}
 g - 3 scrolls of blinking {unknown}
 j - a scroll of torment {unknown}
 k - 3 scrolls of enchant armour {unknown}
 m - a scroll of identify {unknown}
 n - a scroll of immolation {unknown}
 o - a scroll of teleportation {unknown}
Potions
 i - a potion of degeneration {unknown}
 l - a potion of curing {unknown}
 p - a potion of brilliance {unknown}


   Skills:
 + Level 2.4 Fighting
 * Level 3.7 Long Blades
 - Level 1.7 Throwing
 + Level 1.3 Armour
 + Level 2.9 Dodging


You had 3 spell levels left.
You didn't know any spells.
Your spell library was empty.

Dungeon Overview and Level Annotations

Branches:
Dungeon (3/15)

Altars:
Okawaru

Annotations:
D:3 Terence


Innate Abilities, Weirdness & Mutations

You have extremely sharp teeth.
Your natural rate of healing is unusually fast.
When hurt, damage is shared between your health and your magic reserves.
Your bite disrupts and absorbs the magic of your enemies.
Potions cannot restore your health.


Message History

You hit the giant cockroach but do no damage.
The giant cockroach barely misses you.
You slash the giant cockroach!
You kill the giant cockroach!
You see here a giant cockroach corpse.
Found a stone staircase leading down.
Found a leather armour.
You now have 150 gold pieces (gained 28).
Terence the Incautious comes into view.
He is wielding a +1 hand axe of venom.
Terence shouts!
Terence shouts, "Now you die!"
Terence hits you with a +1 hand axe of venom.
You are poisoned.
You hit Terence but do no damage. You bite Terence, but do no damage.
You feel very sick. Terence barely misses you.
You closely miss Terence. You bite Terence. You drain his power.
You feel invigorated.
Terence is lightly wounded.
You feel sick.
Terence hits you with a +1 hand axe of venom!
You are more poisoned.
You hit Terence.
Terence is lightly wounded.
You feel very sick. Terence misses you. Terence hits you but does no damage.
You are lethally poisoned!
You hit Terence but do no damage.
Terence is lightly wounded.
* * * LOW HITPOINT WARNING * * *
You feel very sick. Terence closely misses you.
You hit Terence but do no damage. Your bite misses Terence.
Terence is lightly wounded.
* * * LOW HITPOINT WARNING * * *
You feel very sick. Terence closely misses you.
You closely miss Terence. You bite Terence, but do no damage.
Terence is lightly wounded.
You die...

#.[...#########
#.....# #.....#######.
#.............
####.........# ######
#.........+
#####....###.........#
...........#.........#
......@@.............#
#####....#.##........#
#....#.##........#
#....#.#####+####
######.# ... ... ...


You could see Terence.

Vanquished Creatures
  A hound (D:3)
  A sleepcap (D:3)
  A worm (D:3)
  2 dart slugs
  2 orcs
  4 ball pythons
  2 endoplasms (D:1)
  2 giant cockroaches
  4 goblins
  5 hobgoblins
  6 kobolds
  3 quokkas
  A bat (D:1)
  2 frilled lizards (D:1)
  2 rats (D:1)
38 creatures vanquished.

Notes
Turn   | Place    | Note
-------+----------+-------------------------------------------
     0 | D:1      | Ivernyr the Vine Stalker Gladiator began the quest for the
                  | Orb.
     0 | D:1      | Reached XP level 1. HP: 11/11 MP: 2/2
    82 | D:1      | Reached XP level 2. HP: 14/15 MP: 3/3
   213 | D:1      | Reached skill level 3 in Long Blades
   435 | D:1      | Reached XP level 3. HP: 18/18 MP: 1/4
  1169 | D:3      | Reached skill level 1 in Armour
  1302 | D:3      | Reached XP level 4. HP: 7/23 MP: 0/5
  1335 | D:3      | Found an iron altar of Okawaru.
  1381 | D:3      | Noticed Terence
  1390 | D:3      | HP: 1/23 [poisoned by Terence]
  1391 | D:3      | Succumbed to Terence's poison

Illustrated notes

Levels and vault maps discovered:
D:1:      onia_arrival_pentagram, layout_loops_ring
D:2:      layout_basic
D:3:      layout_basic, mainiacjoe_overflow_cross_hatched,
          gammafunk_ghost_smash, uniq_terence

Skill      XL: |  1  2  3 |
---------------+----------+-----
Fighting       | 2 |  2.4
Long Blades    | 3 |  3.7
Armour         | 1 |  1.3
Throwing       | |  1.7
Dodging        | |  2.9

Action                     |  1- 3 |  4- 6 || total
---------------------------+-------+-------++-------
  Melee: Long sword        |    96 |    16 ||   112
         Bite              |    17 |     7 ||    24
         Punch             |     1 |     1 ||     2
   Stab: Sleeping          |     1 |       ||     1
 Armour: Leather armour    |    53 |     7 ||    60
  Dodge: Dodged            |    75 |    11 ||    86

Table legend: (Time is in decaauts)
 A = Elapsed time spent in this place.
 B = Non-inter-level travel time spent in this place.
 C = Inter-level travel time spent in this place.
 D = Time resting spent in this place.
 E = Time spent auto-exploring this place.
 F = Levels seen in this place.
 G = Mean time per level.
                   A        B        C        D        E       F      G
               +--------+--------+--------+--------+--------+-----+--------+
         Total |   1418 |   1403 |     15 |      0 |   1091 |   3 |  472.7 |
       Dungeon |   1418 |   1403 |     15 |      0 |   1091 |   3 |  472.7 |
               +--------+--------+--------+--------+--------+-----+--------+

Top non-repeatable levels by time:
     D:1: 666 daAuts
     D:2: 489 daAuts
     D:3: 262 daAuts
